 Dungeon Crawl Stone Soup version 0.19-a0-1732-g0b18a7b (webtiles) character file.

86292 Amnesiac the Covert (level 15, -7/101 HPs)
             Began as a Deep Elf Enchanter on Sept 30, 2016.
             Was the Champion of Dithmenos.
             Killed from afar by a deep elf knight (34 damage)
             ... with a shard of ice
             ... on level 1 of the Elven Halls.
             The game lasted 01:16:18 (24186 turns).

Amnesiac the Covert (Deep Elf Enchanter)           Turns: 24186, Time: 01:16:18

Health: -7/101     AC: 12    Str:  3    XL:     15   Next: 40%
Magic:  0/34       EV: 26    Int: 20    God:    Dithmenos [******]
Gold:   773        SH:  8    Dex: 22    Spells: 12 memorised, 2 levels left

rFire  + . .     SeeInvis .     w - +2 dagger (speed)
rCold  . . .     Gourm    .     C - +2 robe {rC+}
rNeg   . . .     Faith    .     Q - +2 buckler
rPois  .         Spirit   +     l - +1 helmet
rElec  .         Dismiss  .     f - +2 cloak
rCorr  .         Reflect  .     u - +0 pair of gloves
MR     +....     Harm     .     g - +0 pair of boots
Stlth  ++++++++++               e - amulet of guardian spirit
                                m - ring of fire
                                (no ring)

@: wreathed by umbra, studying Ice Magic
A: fangs 1, talons 1, agile 1, dopey 1, robust 1, shaggy fur 1, weak 1
a: Shadow Step, Shadow Form, Renounce Religion


You were on level 1 of the Elven Halls.
You worshipped Dithmenos.
Dithmenos was exalted by your worship.
You were not hungry.

You visited 4 branches of the dungeon, and saw 18 of its levels.
You also visited: Labyrinth, Sewer and Ice Cave.

You collected 1804 gold pieces.
You spent 1031 gold pieces at shops.

Inventory:

Hand Weapons
 w - a +2 dagger of speed (weapon)
 P - a +0 demon blade
 X - a +2 dagger of pain
Missiles
 v - 7 throwing nets (quivered)
Armour
 f - a +2 cloak (worn)
 g - a +0 pair of boots (worn)
 l - a +1 helmet (worn)
 u - a +0 pair of gloves (worn)
 z - a +2 robe
 C - a +2 robe of cold resistance (worn)
 Q - a +2 buckler (worn)
 R - the +0 helmet of the Dropbear {rPois rC+ Str+3}
   (You found it in a labyrinth)

   It affects your strength (+3).
   It protects you from cold.
   It protects you from poison.
 W - a +0 robe of resistance
Jewellery
 e - an amulet of guardian spirit (around neck)
 m - a ring of fire (right hand)
 r - an uncursed amulet of regeneration
 s - an uncursed ring of ice
 y - an uncursed ring of ice
Wands
 a - a wand of lightning (5/15)
 h - a wand of enslavement (12/24)
 U - a wand of iceblast (6/15)
 Z - a wand of acid (5/15)
Scrolls
 k - 5 scrolls of enchant weapon
 q - a scroll of identify
 t - 12 scrolls of remove curse
 B - 9 scrolls of teleportation
 D - a scroll of enchant armour
 H - a scroll of recharging
 I - 2 scrolls of fog
 K - 4 scrolls of amnesia
 O - a scroll of blinking
 T - 2 scrolls of magic mapping
Potions
 i - 3 potions of curing
 j - 3 potions of flight
 n - 5 potions of resistance
 p - 3 potions of haste
 E - 2 potions of agility
 F - 2 potions of cancellation
 G - 6 potions of might
 Y - a potion of cure mutation
Books
 J - a manual of Ice Magic
 M - a manual of Ice Magic
 S - a book of Geomancy

   Spells                             Type                      Level
   a - Sandblast                      Earth                        1
   b - Passwall                       Transmutation/Earth          2
   c - Stone Arrow                    Conjuration/Earth            3
   d - Petrify                        Transmutation/Earth          4
   e - Lee's Rapid Deconstruction     Earth                        5
Miscellaneous
 b - a phial of floods
Comestibles
 d - 15 bread rations
 o - 2 slices of pizza
 x - 6 meat rations
 L - 3 beef jerkies
 N - 13 fruits
 V - a royal jelly


   Skills:
 - Level 10.0 Fighting
 - Level 10.0 Short Blades
 - Level 14.0 Dodging
 - Level 14.4 Stealth
 - Level 4.1 Shields
 - Level 13.0 Spellcasting
 - Level 13.0 Hexes
 + Level 9.4 Invocations


You had 2 spell levels left.
You knew the following spells:

 Your Spells              Type           Power        Failure   Level  Hunger
a - Mephitic Cloud        Conj/Pois/Air  ##......     17%         3    None
b - Dazzling Spray        Conj/Hex       #####.       1%          3    None
c - Invisibility          Hex            ######..     4%          6    #####..
d - Gell's Gravitas       Hex/Tloc       #####.....   1%          3    None
e - Confuse               Hex            ######..     1%          3    None
f - Ensorcelled Hibernat  Hex/Ice        #####.       1%          2    None
g - Swiftness             Chrm/Air       ##......     10%         2    None
h - Passage of Golubria   Tloc           N/A          58%         4    None
i - Darkness              Hex            ######....   4%          6    #####..
v - Passwall              Tmut/Erth      ##........   10%         2    None
w - Tukima's Dance        Hex            ######..     1%          3    None
y - Confusing Touch       Hex            ######       1%          1    None


Dungeon Overview and Level Annotations

Branches:
Dungeon (9/15)             Temple (0/1) D:5            Lair (6/6) D:8
 Shoals (0/4) Lair:2       Spider (0/4) Lair:4        Slime (0/5) Lair:5
    Orc (2/2) D:9             Elf (1/3) Orc:2

Altars:
Ashenzari
Dithmenos
Elyvilon
Fedhas
Hepliaklqana
Makhleb
Okawaru
Qazlal
Beogh

Shops:
D:4 }   Orc:2 !}:[


Innate Abilities, Weirdness & Mutations

You have very sharp teeth.
You have sharp toenails.
You are agile. (Dex +2)
You are dopey. (Int -2)
You are robust. (+10% HP)
You are covered in fur. (AC +1)
You are weak. (Str -2)


Message History

You hit something. You completely miss something. Something barely misses you.
Your short sword misses something.
You barely miss something. You hit something. Your bite misses something.
Your shadow closely misses something.
Something hits you.
You barely miss something.
Your short sword hits something.
You completely miss something.
Your shadow barely misses something.
Something hits you!
* * * LOW HITPOINT WARNING * * *
You emit a cloud of dark smoke.
Unknown command.
You miss something.
Your shadow completely misses something.
You hit something.
Your shadow completely misses something.
You hear some strange, mumbled words.
A shard of ice appears from out of thin air!
The shard of ice hits you!
You die...

####### ##.....
######### ### #....####
........ #..##...##.<#
...... #...#)..#...#
#..#####..#...#'.##
#§§§§.####..)..###.
#§@#...............
#§{#......).⌠......
#.(#...............
#..#..####.....###.
#..#..# ..#...#+ # #.
#..#..#...#...#
#..###+##).####>.##...#
..............###
.....#
.................#
.#....


You could see a friendly short sword.

Vanquished Creatures
  Rupert (Lair:6)
  3 orc warlords (Orc:2)
  Nessos (Lair:6)
  A minotaur (Lab)
  An ice dragon (Elf:1)
  Fannar (Lair:2)
  6 hydras
  Harold (Orc:1)
  A dancing weapon (Elf:1)
  An alligator (Lair:5)
  4 death yaks (Lair:4)
  5 orc high priests (Orc:2)
  4 deep elf knights (Elf:1)
  2 deep elf archers (Elf:1)
  5 orc knights (Orc:2)
  Pikel (D:5)
  11 deep elf magi (Elf:1)
  2 cyclopes (Orc:1)
  4 orc sorcerers (Orc:2)
  14 elephants
  7 black mambas
  2 ice statues (IceCv)
  23 spiny frogs
  9 rime drakes
  4 komodo dragons
  The ghost of Ijustatesigmund the Magician, a novice SpWz (Sewer)
  2 jumping spiders (Lair:4)
  12 polar bears (IceCv)
  Prince Ribbit (D:6)
  7 trolls
  5 tyrant leeches (Lair:6)
  5 two-headed ogres (Orc:2)
  2 slime creatures (Lair:5)
  17 blink frogs
  5 hippogriffs
  A spriggan (D:9)
  A vampire (D:9)
  A water elemental (Elf:1)
  A wyvern (Lair:2)
  29 yaks
  6 basilisks
  6 vampire mosquitoes
  6 wargs
  A swamp worm (Lair:5)
  12 water moccasins
  40 orc warriors
  Duvessa (D:5)
  2 black bears
  12 porcupines
  3 ice beasts
  2 sky beasts
  4 slaves (D:5)
  A necrophage (D:9)
  19 ogres
  11 wolves (IceCv)
  9 centaurs
  3 phantoms
  15 crocodiles
  A big kobold (D:9)
  25 bullfrogs
  Dowan (D:5)
  5 scorpions
  A water moccasin skeleton (D:4)
  5 killer bees (D:9)
  5 wights (D:6)
  3 electric eels (Lair:6)
  8 howler monkeys
  7 crimson imps
  A quasit (D:6)
  2 centaur skeletons
  5 jellies
  24 orc priests
  7 hounds
  A bullfrog skeleton (D:8)
  10 iguanas (D:8)
  25 orc wizards
  9 worker ants
  Ijyb (D:3)
  A hound skeleton (D:7)
  A worker ant zombie (D:7)
  Robin (D:3)
  4 gnolls (D:3)
  56 river rats
  16 adders
  3 shadow imps
  3 oozes (Lair:5)
  2 worms
  A dart slug (D:3)
  10 leopard geckos
  107 orcs
  4 ball pythons
  4 bats
  4 giant cockroaches
  29 goblins
  8 hobgoblins
  7 jackals
  5 quokkas
  15 frilled lizards
  15 kobolds
  A quokka zombie (D:8)
  18 rats
818 creatures vanquished.

Vanquished Creatures (collateral kills)
  A frost giant (IceCv)
  An ogre (D:4)
2 creatures vanquished.

Vanquished Creatures (others)
  A rime drake (Elf:1)
  A dancing weapon (Elf:1)
  An orc wizard (Orc:2)
  3 river rats (Lair:5)
  13 fungi
  12 plants (Lair:6)
31 creatures vanquished.

Grand Total: 851 creatures vanquished

Notes
Turn   | Place    | Note
-------+----------+-------------------------------------------
     0 | D:1      | Amnesiac the Deep Elf Enchanter began the quest for the Orb.
     0 | D:1      | Reached XP level 1. HP: 10/10 MP: 6/6
   252 | D:2      | Reached XP level 2. HP: 15/15 MP: 5/8
   256 | D:2      | Learned a level 2 spell: Ensorcelled Hibernation
   363 | D:3      | Found a burning altar of Makhleb.
   479 | D:3      | Noticed Robin
   528 | D:3      | Killed Robin
   528 | D:3      | Reached XP level 3. HP: 19/19 MP: 2/10
   955 | D:3      | Learned a level 3 spell: Confuse
   959 | D:3      | Learned a level 3 spell: Tukima's Dance
   982 | D:3      | Reached XP level 4. HP: 23/24 MP: 9/12
  1184 | D:4      | Found a shadowy altar of Dithmenos.
  1184 | D:4      | Noticed a phantom
  1195 | D:4      | Became a worshipper of Dithmenos the Shadowed
  1214 | D:4      | Killed a phantom
  1214 | D:4      | Reached XP level 5. HP: 21/28 MP: 4/14
  1333 | D:4      | Found Baakher's Gadget Emporium.
  1339 | D:4      | Noticed an ogre
  1348 | D:4      | Killed an ogre
  1359 | D:4      | Reached XP level 6. HP: 7/32 MP: 2/15
  2607 | D:2      | Reached skill level 5 in Short Blades
  2914 | D:2      | Reached skill level 5 in Stealth
  3103 | D:3      | Reached * piety under Dithmenos
  3103 | D:3      | Reached skill level 5 in Spellcasting
  3265 | D:3      | Reached skill level 5 in Hexes
  3875 | D:3      | Reached ** piety under Dithmenos
  3907 | D:3      | Noticed Ijyb
  3920 | D:3      | Killed Ijyb
  3920 | D:3      | Reached XP level 7. HP: 35/36 MP: 8/16
  4175 | D:3      | Learned a level 3 spell: Dazzling Spray
  4177 | D:3      | Learned a level 1 spell: Confusing Touch
  4391 | D:4      | Reached skill level 5 in Dodging
  4442 | D:4      | Reached skill level 1 in Fighting
  5016 | D:5      | Entered Level 5 of the Dungeon
  5016 | D:5      | Noticed Duvessa
  5016 | D:5      | Noticed Dowan
  5112 | D:5      | Killed Duvessa
  5112 | D:5      | Reached XP level 8. HP: 46/46 MP: 10/17
  5114 | D:5      | Killed Dowan
  5139 | D:5      | Found a hazy altar of Hepliaklqana.
  5158 | D:5      | Found a glowing drain.
  5185 | Sewer    | Entered a sewer
  5335 | Sewer    | Noticed Ijustatesigmund's ghost (novice SpWz)
  5346 | Sewer    | Killed Ijustatesigmund's ghost
  5548 | Sewer    | Reached *** piety under Dithmenos
  6064 | D:5      | Noticed Pikel
  6068 | D:5      | Killed Pikel
  6102 | D:5      | Found a staircase to the Ecumenical Temple.
  6185 | D:5      | Reached XP level 9. HP: 52/52 MP: 19/21
  6391 | D:6      | Noticed Prince Ribbit
  6442 | D:6      | Killed Prince Ribbit
  7442 | D:7      | Reached **** piety under Dithmenos
  7546 | D:7      | Noticed a komodo dragon
  7551 | D:7      | Killed a komodo dragon
  7869 | D:7      | Found a white marble altar of Elyvilon.
  7871 | D:7      | Found a stormy altar of Qazlal.
  7871 | D:7      | Found a burning altar of Makhleb.
  8031 | D:7      | Found an iron altar of Okawaru.
  8032 | D:7      | Found a shattered altar of Ashenzari.
  8092 | D:8      | Reached XP level 10. HP: 56/58 MP: 18/24
  8267 | D:8      | Found a staircase to the Lair.
  8345 | D:8      | Reached skill level 5 in Fighting
  8391 | D:8      | Reached ***** piety under Dithmenos
  8445 | D:8      | Reached skill level 10 in Hexes
  9253 | Lair:1   | Entered Level 1 of the Lair of Beasts
  9365 | Lair:1   | Reached skill level 10 in Spellcasting
  9542 | Lair:1   | Found a frozen archway.
  9555 | IceCv    | Entered an ice cave
  9796 | IceCv    | Reached XP level 11. HP: 64/64 MP: 12/27
 10137 | IceCv    | Gained mutation: You are robust. (+10% HP) [potion of beneficial mutation]
 10138 | IceCv    | Gained mutation: You are agile. (Dex +2) [potion of beneficial mutation]
 10223 | IceCv    | Noticed a frost giant
 10720 | IceCv    | Killed a frost giant
 11659 | Lair:2   | Reached skill level 10 in Dodging
 11667 | Lair:2   | Noticed a four-headed hydra
 11688 | Lair:2   | Killed a four-headed hydra
 11996 | Lair:2   | Reached XP level 12. HP: 77/77 MP: 27/30
 12051 | Lair:2   | Noticed Fannar
 12079 | Lair:2   | Killed Fannar
 12243 | Lair:2   | Reached skill level 1 in Shields
 12267 | Lair:2   | Reached ****** piety under Dithmenos
 12478 | Lair:2   | Found a staircase to the Shoals.
 12966 | Lair:3   | Reached skill level 10 in Stealth
 13112 | Lair:3   | Noticed an eight-headed hydra
 13193 | Lair:3   | Killed an eight-headed hydra
 13396 | Lair:3   | Noticed an eight-headed hydra
 13416 | Lair:3   | Killed an eight-headed hydra
 13640 | Lair:4   | Found a labyrinth entrance.
 13680 | Lab      | Entered a labyrinth
 14272 | Lab      | Noticed a minotaur
 14278 | Lab      | Killed a minotaur
 14287 | Lab      | Got a translucent helmet
 14368 | Lair:4   | Identified the +0 helmet of the Dropbear {rPois rC+ Str+3} (You found it in a labyrinth)
 14597 | Lair:4   | Found a hole to the Spider Nest.
 14622 | Lair:4   | Reached skill level 10 in Short Blades
 14696 | Lair:4   | Reached XP level 13. HP: 81/81 MP: 29/32
 15471 | Lair:5   | Found a staircase to the Slime Pits.
 16118 | Lair:5   | Found a blossoming altar of Fedhas.
 16655 | Lair:6   | Entered Level 6 of the Lair of Beasts
 16809 | Lair:6   | Reached skill level 10 in Fighting
 17086 | Lair:6   | Reached XP level 14. HP: 96/96 MP: 30/33
 17671 | Lair:6   | Noticed Nessos
 17679 | Lair:6   | Killed Nessos
 17754 | Lair:6   | Noticed Rupert
 17763 | Lair:6   | Paralysed by Rupert for 4 turns
 17771 | Lair:6   | Killed Rupert
 18588 | D:9      | Gained mutation: You are dopey. (Int -2) [mutagenic meat]
 18591 | D:9      | Gained mutation: You are weak. (Str -2) [mutagenic meat]
 18597 | D:9      | Gained mutation: Armour fits poorly on your strangely shaped body. [mutagenic meat]
 18603 | D:9      | Lost mutation: Armour fits poorly on your strangely shaped body. [mutagenic meat]
 19073 | D:9      | Found a staircase to the Orcish Mines.
 19601 | Orc:1    | Entered Level 1 of the Orcish Mines
 19929 | Orc:1    | Noticed Harold
 19944 | Orc:1    | Killed Harold
 20298 | Orc:2    | Entered Level 2 of the Orcish Mines
 20665 | Orc:2    | Noticed an orc warlord
 21021 | Orc:2    | Killed an orc warlord
 21360 | Orc:2    | Found a roughly hewn altar of Beogh.
 21365 | Orc:2    | Found Muosk's Gadget Emporium.
 21518 | Orc:2    | Noticed an orc warlord
 21742 | Orc:2    | Killed an orc warlord
 21796 | Orc:2    | Found Kexirgh's Antique Armour Shop.
 21805 | Orc:2    | Reached skill level 1 in Invocations
 21840 | Orc:2    | Bought a runed buckler for 166 gold pieces
 21894 | Orc:2    | Noticed an orc warlord
 21908 | Orc:2    | Killed an orc warlord
 22304 | Orc:2    | Reached XP level 15. HP: 73/101 MP: 25/34
 22520 | Orc:2    | Found Cuttot's Book Shoppe.
 22567 | Orc:2    | Found a roughly hewn altar of Beogh.
 22655 | Orc:2    | Reached skill level 5 in Invocations
 22756 | Orc:2    | Found a staircase to the Elven Halls.
 23165 | Orc:2    | Found Xatac's Distillery.
 23172 | Orc:2    | Bought a potion of mutation for 40 gold pieces
 23172 | Orc:2    | Gained mutation: You have sharp toenails. [potion of mutation]
 23172 | Orc:2    | Gained mutation: You are covered in fur. (AC +1) [potion of mutation]
 23172 | Orc:2    | Gained mutation: You have very sharp teeth. [potion of mutation]
 23181 | Orc:2    | Learned a level 3 spell: Mephitic Cloud
 23185 | Orc:2    | Learned a level 3 spell: Gell's Gravitas
 23441 | Orc:2    | Bought a book of Burglary for 825 gold pieces
 23444 | Orc:2    | Learned a level 2 spell: Passwall
 23451 | Orc:2    | Learned a level 6 spell: Invisibility
 23454 | Orc:2    | Learned a level 2 spell: Swiftness
 23459 | Orc:2    | Learned a level 4 spell: Passage of Golubria
 23466 | Orc:2    | Learned a level 6 spell: Darkness
 23533 | Elf:1    | Entered Level 1 of the Elven Halls
 24186 | Elf:1    | Killed from afar by a deep elf knight

Vault maps used:
D:1:      dpeg_arrival_pits
D:2:      minmay_tromino_v7
D:3:      kennysheep_goblin_castle, first_bread, bloody_makhleb, uniq_robin
D:4:      serial_shops, nicolae_shop_waterfront, abandoned_shop, minivault_5,
          grunt_dithmenos_shadows
D:5:      lemuel_round_altar, gup_sewer_entry_glass, uniq_pikel, uniq_duvessa
D:6:      uniq_prince_ribbit1
D:7:      gammafunk_temple_overflow_claw, minitemple, minmay_stone_trees_small
D:8:      minmay_lair_entry_grove
D:9:      orc_0_dummy, the_bakery
Lair:1:   portal_ice_cave_entry_pillars_1, grunt_forest_stairs_basic,
          lemuel_fruit_tree, serial_bayou_shore_b
Lair:2:   minmay_shoals_entry_centaurs, grunt_megastairs_1, uniq_fannar
Lair:3:   serial_bayou_shore_b
Lair:4:   spider_nest_entry_funnel_web, lab_entry_generic
Lair:5:   onia_ninara_swampy_vault, nicolae_slime_entry_slimehenge, basic_altar
Lair:6:   minmay_lair_end_frog_pond, uniq_nessos, uniq_rupert
Orc:1:    uniq_harold
Orc:2:    pubby_orc_utopia, serial_shops
Elf:1:    minmay_coctagon, minmay_elf_sorcery, grunt_ministairs_6,
          minmay_fountain_box
Lab:      nicolae_lab_dead_adventurers
Sewer:    sewer_co_cracked_pipes
IceCv:    ice_cave_small_giant

Skill      XL: |  1  2  3  4  5  6  7  8  9 10 11 12 13 14 15 |
---------------+----------------------------------------------+-----
Short Blades   | 2 3 4 5 6 7 8 10 | 10.0
Spellcasting   | 4 5 6 8 10 12 13 | 13.0
Stealth        | 4 5 6 8 10 12 14 | 14.4
Hexes          | 5 7 9 11 12 13 | 13.0
Dodging        | 3 5 6 8 10 14 | 14.0
Fighting       | 3 4 5 6 10 | 10.0
Shields        | 4 |  4.1
Invocations    | 4 9 |  9.4

Action                   |  1- 3 |  4- 6 |  7- 9 | 10-12 | 13-15 || total
-------------------------+-------+-------+-------+-------+-------++-------
Melee: Dagger            |    60 |   211 |   333 |   404 |  1075 ||  2083
       Unarmed           |       |       |    32 |       |       ||    32
       Demon blade       |       |       |       |       |    79 ||    79
       Bite              |       |       |       |       |     6 ||     6
 Cast: Corona            |     6 |       |       |       |       ||     6
       Ensorcelled Hiber |    17 |    48 |    35 |   181 |   374 ||   655
       Confuse           |     1 |    17 |    17 |    38 |    30 ||   103
       Tukima's Dance    |       |     3 |       |     1 |     2 ||     6
       Confusing Touch   |       |       |    32 |       |       ||    32
       Dazzling Spray    |       |       |       |    12 |    12 ||    24
       Invisibility      |       |       |       |       |     2 ||     2
Invok: Shadow Step       |       |       |       |       |     2 ||     2
  Use: Scroll            |     4 |     1 |     8 |    13 |     4 ||    30
       Potion            |       |       |     2 |     8 |     6 ||    16
 Stab: Sleeping          |    19 |    34 |    67 |   143 |   310 ||   573
       Confused          |     1 |     4 |    26 |    36 |    17 ||    84
       Distracted        |       |       |     1 |     1 |     5 ||     7
       Invisible         |       |       |       |       |    24 ||    24
  Eat: Chunk             |     1 |    10 |    13 |    21 |    37 ||    82
Armor: Robe              |    10 |    48 |    39 |    41 |    86 ||   224
Dodge: Dodged            |    31 |   121 |   196 |   264 |   817 ||  1429
Block: Buckler           |       |       |       |    24 |   254 ||   278
